 Dungeon Crawl Stone Soup version 0.30.1-11-g7821555f0a (webtiles) character file.

Game seed: 4652459155536892177

3113 Glitchless the Basher (level 9, -12/56 HPs)
             Began as a Gargoyle Berserker on Dec 8, 2023.
             Was a High Priest of Trog.
             Mangled by an orc warrior
             ... wielding a +0 glaive
              (16 damage)
             ... in a bailey.
             The game lasted 00:23:41 (7109 turns).

Glitchless the Basher (Gargoyle Berserker)          Turns: 7109, Time: 00:23:42

Health: -12/56     AC: 15    Str: 24    XL:     9   Next: 91%
Magic:  9/9        EV: 18    Int:  7    God:    Trog [*****.]
Gold:   191        SH:  5    Dex: 11    Spells: 8/8 levels left

rFire   . . .        u - +2 flail (protect)
rCold   + . .        c - +0 buckler
rNeg    + . .        x - +0 steam dragon scales
rPois   ∞            j - +0 helmet
rElec   +            (no cloak)
rCorr   .            (no gloves)
SInv    .            f - +0 pair of boots
Will    .....        (no amulet)
Stlth   +            b - +5 ring of evasion
HPRegen 0.29/turn    n - ring of protection from cold
MPRegen 0.11/turn

%: no passive effects
@: mighty, on berserk cooldown
A: sickness immunity, AC +6, negative energy resistance 1, electricity
resistance, torment resistance 1, petrification resistance
a: Renounce Religion, Berserk, Trog's Hand, Brothers in Arms


You were in a bailey.
You worshipped Trog.
Trog was extremely pleased with you.
You visited 1 branch of the dungeon, and saw 7 of its levels.
You also visited: Sewer and Bailey.

You collected 346 gold pieces.
You spent 155 gold pieces at shops.

Inventory:

Hand Weapons
 u - a +2 flail of protection (weapon)
 y - a +1 antimagic quarterstaff
 z - a +2 sling of flaming
Armour
 c - a +0 buckler (worn)
 f - a +0 pair of boots (worn)
 j - a +0 helmet (worn)
 x - +0 steam dragon scales (worn)
Jewellery
 b - a +5 ring of evasion (left hand)
 n - a ring of protection from cold (right hand)
Wands
 h - a wand of mindburst (12)
 k - a wand of quicksilver (29)
 t - a wand of digging (5)
Scrolls
 a - 2 scrolls of enchant weapon {unknown}
 d - 6 scrolls of teleportation
 e - 2 scrolls of identify
 m - 2 scrolls of enchant armour
 p - 2 scrolls of brand weapon {unknown}
 q - 4 scrolls of blinking
 r - 2 scrolls of fog {unknown}
Potions
 i - 2 potions of might
 l - a potion of resistance
 o - 2 potions of flight
 v - a potion of mutation {unknown}
 w - a potion of brilliance {unknown}


   Skills:
 * Level 6.7 Fighting
 * Level 9.2 Maces & Flails
 * Level 5.4 Armour
 * Level 5.4 Dodging
 * Level 4.4 Shields


You had 8 spell levels left.
You didn't know any spells.
Your spell library contained the following spells:

 Spells                   Type           Power      Damage    Failure   Level
 Ensorcelled Hibernation  Hex/Ice        0%         N/A       63%         2
 Passwall                 Tmut/Erth      0%         N/A       63%         2
 Poisonous Vapours        Pois/Air       0%         N/A       63%         2
 Dazzling Flash           Conj/Hex       0%         N/A       86%         3
 Mephitic Cloud           Conj/Pois/Air  0%         N/A       86%         3
 Ozocubu's Armour         Ice            0%         N/A       86%         3
 Portal Projectile        Hex/Tloc       0%         N/A       86%         3
 Swiftness                Air            0%         N/A       86%         3
 Tukima's Dance           Hex            0%         N/A       86%         3
 Volatile Blastmotes      Fire/Tloc      0%         2d10      86%         3
 Iskenderun's Mystic Bla  Conj/Tloc      0%         2d3       99%         4
 Summon Lightning Spire   Summ/Air       0%         N/A       99%         4
 Blade Hands              Tmut           0%         N/A       100%        5
 Freezing Cloud           Conj/Ice/Air   0%         6-21      100%        5
 Starburst                Conj/Fire      0%         6d3       100%        6
 Ozocubu's Refrigeration  Ice            0%         4d7       100%        7
 Storm Form               Tmut/Air       0%         N/A       100%        7
 Maxwell's Capacitive Co  Air            0%         ∞         100%        8


Dungeon Overview and Level Annotations

Branches:
Dungeon (7/15)             Temple (0/1) D:6           Sewer (visited)
 Bailey (1/1)

Altars:
Ashenzari
Fedhas
Nemelex Xobeh
Ru
Trog
Wu Jian

Shops:
D:1 ?   D:2 (   D:3 ?   D:4 !   D:6 *


Innate Abilities, Weirdness & Mutations

You are immune to sickness and miasma.
Your stone body is resilient. (AC +6)
You are immune to poison.
You resist negative energy. (rN+)
You are resistant to electric shocks. (rElec)
You are resistant to unholy torment.
You are immune to petrification.


Message History

* * * LOW HITPOINT WARNING * * *
You feel better. The orc warrior closely misses you.
The orc warrior shouts!
You hit the orc warrior.
The orc warrior is severely wounded.
The orc warrior completely misses you.
You barely miss the orc warrior.
The orc warrior is severely wounded.
You closely miss the orc warrior.
The orc warrior is severely wounded.
The orc warrior completely misses you. x2
You closely miss the orc warrior.
The orc warrior is severely wounded.
The orc warrior hits you from afar with a +0 glaive.
The orc warrior barely misses you.
You sock the orc warrior!
The orc warrior is almost dead.
The orc warrior closely misses you.
The orc warrior hits you with a +0 glaive.
You barely miss the orc warrior.
The orc warrior is almost dead.
The orc warrior hits you from afar with a +0 glaive.
* * * LOW HITPOINT WARNING * * *
An orc knight comes into view. It is wielding a +0 halberd.
The orc warrior barely misses you.
You feel much better.
The orc knight shouts!
The orc warrior closely misses you.
The orc knight roars a battlecry!
The orc warriors go into a battle-frenzy!
The orc warrior closely misses you.
You feel very mighty all of a sudden. The orc warrior barely misses you.
The orc warrior hits you with a +0 glaive!!
Your ogre goes berserk!
The orc warrior misses you.
The orc knight hits you from afar with a +0 halberd!
* * * LOW HITPOINT WARNING * * *
The orc warrior hits you with a +0 glaive!
You die...

####.$#..♣≈≈≈≈..♣.##
.....#...≈≈≈≈.....###
...##.♣.≈≈≈≈..♣....♣♣♣
#..#....≈≈≈≈.........♣♣
#8.#...######.........♣
#..#...............∩..♣
#..'.)................♣
#..'o)O)..............♣
#..#o)@......).....∩..♣
#8.#..o######)))......♣
#o.#....≈≈≈≈..♣......♣♣
....##...≈≈≈≈))♣♣...♣♣♣
.......#...≈≈≈≈.....###
######.$#..≈≈≈≈≈..####
####..≈≈≈≈...#
..≈≈≈≈≈..♣# ≈≈≈≈≈..♣♣


You could see an orc knight, 2 orc warriors and a friendly ogre (summoned,
berserk).

Vanquished Creatures
  Grinder (D:6)
  Eustachio (D:5)
  A steam dragon (D:7)
  3 water moccasins
  4 orc warriors
  2 sky beasts (D:6)
  A black bear (D:5)
  A centaur (D:7)
  An ogre (D:5)
  4 bullfrogs
  3 scorpions
  3 wights (D:7)
  2 hounds (D:6)
  3 jellies
  6 orc priests
  A sleepcap (D:5)
  2 iguanas (D:5)
  4 orc wizards
  6 gnolls
  12 adders
  A river rat (D:5)
  2 shadow imps (D:5)
  2 white imps
  5 worms
  2 dart slugs (D:1)
  28 orcs
  19 ball pythons
  16 endoplasms
  11 giant cockroaches
  6 hobgoblins
  6 jackals
  7 kobolds
  13 quokkas
  7 bats
  15 frilled lizards
  13 goblins
  12 rats
226 creatures vanquished.

Notes
Turn   | Place    | Note
-------+----------+-------------------------------------------
     0 | D:1      | Glitchless the Gargoyle Berserker began the quest for the
                  | Orb.
     0 | D:1      | Reached XP level 1. HP: 14/14 MP: 1/1
   142 | D:1      | Reached XP level 2. HP: 17/19 MP: 2/2
   156 | D:1      | Found a faded altar of an unknown god.
   290 | D:1      | Found Peelelo's Magic Scroll Shop.
   487 | D:1      | Reached XP level 3. HP: 16/24 MP: 3/3
   643 | D:1      | Reached ** piety under Trog
  1010 | D:1      | Bought a scroll of teleportation for 33 gold pieces
  1010 | D:1      | Bought a scroll of identify for 22 gold pieces
  1507 | D:2      | Reached XP level 4. HP: 29/29 MP: 4/4
  1629 | D:2      | Reached skill level 4 in Maces & Flails
  1843 | D:2      | Found Xuefui's Antique Weapon Shop.
  2523 | D:3      | Found a sacrificial altar of Ru.
  2605 | D:3      | Reached *** piety under Trog
  2722 | D:3      | Reached XP level 5. HP: 33/33 MP: 5/5
  2810 | D:3      | HP: 2/49 [orc priest/+0 club (4)]
  2820 | D:3      | Reached skill level 1 in Shields
  3071 | D:3      | Found Tevvioki's Magic Scroll Emporium.
  3080 | D:3      | Bought a scroll of identify for 20 gold pieces
  3080 | D:3      | Bought a scroll of identify for 20 gold pieces
  3080 | D:3      | Bought a scroll of identify for 20 gold pieces
  3080 | D:3      | Bought a scroll of amnesia for 40 gold pieces
  3203 | D:4      | Found an ornate altar of the Wu Jian Council.
  3217 | D:4      | Found a bloodstained altar of Trog.
  3220 | D:4      | Found a broken altar of Ashenzari.
  3221 | D:4      | Found a blossoming altar of Fedhas.
  3221 | D:4      | Found a sparkling altar of Nemelex Xobeh.
  3347 | D:4      | Reached XP level 6. HP: 38/38 MP: 6/6
  3356 | D:4      | Found Seuw's Distillery.
  3662 | D:5      | Entered Level 5 of the Dungeon
  3694 | D:5      | Noticed a black bear
  3704 | D:5      | Killed a black bear
  3705 | D:5      | Reached skill level 5 in Maces & Flails
  3951 | D:5      | Found a glowing drain.
  3957 | Sewer    | Entered a sewer
  3984 | Sewer    | Reached XP level 7. HP: 44/44 MP: 7/7
  4079 | Sewer    | Reached **** piety under Trog
  4389 | D:5      | Reached skill level 6 in Maces & Flails
  4573 | D:5      | Noticed Eustachio
  4651 | D:5      | Killed Eustachio
  4799 | D:5      | Reached XP level 8. HP: 48/48 MP: 8/8
  4831 | D:5      | Reached skill level 5 in Fighting
  5110 | D:6      | Noticed Grinder
  5115 | D:6      | Paralysed by Grinder for 4 turns
  5123 | D:6      | Paralysed by Grinder for 5 turns
  5136 | D:6      | Paralysed by Grinder for 2 turns
  5142 | D:6      | Paralysed by Grinder for 3 turns
  5154 | D:6      | Paralysed by Grinder for 2 turns
  5165 | D:6      | Paralysed by Grinder for 2 turns
  5180 | D:6      | Killed Grinder
  5181 | D:6      | Reached skill level 7 in Maces & Flails
  5257 | D:6      | Found Miwkaz's Fire Supplies.
  5375 | D:6      | Reached ***** piety under Trog
  5667 | D:6      | Found a staircase to the Ecumenical Temple.
  5872 | D:6      | Reached XP level 9. HP: 46/55 MP: 9/9
  5933 | D:6      | Reached skill level 8 in Maces & Flails
  6548 | D:7      | Reached skill level 5 in Armour
  6701 | D:7      | Received a gift from Trog
  6702 | D:7      | Reached skill level 5 in Dodging
  6949 | D:7      | Found a flagged portal.
  6970 | D:7      | Reached skill level 9 in Maces & Flails
  6988 | Bailey   | Entered a bailey
  7106 | Bailey   | Noticed an orc knight
  7109 | Bailey   | Mangled by an orc warrior

Illustrated notes

Levels and vault maps discovered:
D:1:      ncdulo_halloftheorcs, layout_basic, serial_shops,
          nicolae_shop_rolling_square, ebering_ecumenical_altar_webs
D:2:      layout_loops_corners, serial_shops, nicolae_shop_dealshenge,
          minmay_mini_jars
D:3:      layout_basic, nicolae_ru_awakened_eye, serial_shops,
          nicolae_lakefront_shop
D:4:      layout_cave_pools, grunt_temple_overflow_open, serial_shops, shop
D:5:      layout_basic, lightli_sewer_entry_pipes, uniq_eustachio
D:6:      layout_basic, temple_pool_b, nicolae_shop_fire_sale
          [nicolae_sub_dead_trees], minmay_misc_feat_enclosed, chequers_avenue,
          uniq_grinder
D:7:      layout_gridville, enter_bailey_5
Bailey:   bailey_polearm_elven_captive_hellmonk, bailey

Skill      XL: |  1  2  3  4  5  6  7  8  9 |
---------------+----------------------------+-----
Maces & Flails | 4 5 6 7 9 |  9.2
Dodging        | 2 3 4 5 |  5.4
Fighting       | 4 5 6 |  6.7
Armour         | 3 4 5 |  5.4
Shields        | 1 2 3 4 |  4.4

Action                     |  1- 3 |  4- 6 |  7- 9 || total
---------------------------+-------+-------+-------++-------
  Melee: Mace              |   112 |   267 |   301 ||   680
         Flail             |       |       |   359 ||   359
 Invoke: Berserk           |       |     1 |     1 ||     2
         Trog's Hand       |       |     1 |     1 ||     2
         Brothers in Arms  |       |       |     1 ||     1
    Use: Scroll            |     2 |     7 |     2 ||    11
         Potion            |       |       |     4 ||     4
   Stab: Sleeping          |     1 |       |       ||     1
 Armour: Animal skin       |     9 |       |       ||     9
         Leather armour    |    31 |    90 |   179 ||   300
         Steam dragon scal |       |       |    87 ||    87
  Dodge: Dodged            |    94 |   234 |   651 ||   979
  Block: Buckler           |    10 |    45 |   136 ||   191
